 Dungeon Crawl Stone Soup version 0.31.0-11-ge490571c62 (webtiles) character file.

Game seed: 9511344844033879909

178 juan097 the Conjurer (level 5, -2/38 HPs)
             Began as a Draconian Conjurer on Jan 29, 2024.
             Killed by divine providence
             ... invoked by an orc priest
              (8 damage)
             ... on level 3 of the Dungeon.
             The game lasted 00:08:40 (3638 turns).

juan097 the Conjurer (Draconian Conjurer)           Turns: 3638, Time: 00:08:41

Health: -2/38      AC:  5    Str: 10    XL:     5   Next: 32%
Magic:  0/9        EV: 12    Int: 20    God:
Gold:   99         SH:  0    Dex:  9    Spells: 7/10 levels left

rFire   . . .        c - +0 spear
rCold   . . .        (no shield)
rNeg    . . .        (body armour unavailable)
rPois   .            (helmet restricted)
rElec   .            (no cloak)
rCorr   .            (no gloves)
SInv    .            (no boots)
Will    .....        (no amulet)
Stlth   ++           (no ring)
HPRegen 0.26/turn    (no ring)
MPRegen 0.11/turn

%: no passive effects
@: no status effects
A: AC +5, unfitting armour, cold-blooded
a: no special abilities


You were on level 3 of the Dungeon.
You visited 1 branch of the dungeon, and saw 3 of its levels.

You collected 99 gold pieces.

Inventory:

Hand Weapons
 c - a +0 spear (weapon)
Missiles
 d - 3 poisoned darts
Scrolls
 b - a scroll of noise {unknown}
 f - a scroll of poison {unknown}
 g - 2 scrolls of blinking {unknown}
 i - a scroll of immolation {unknown}
 k - a scroll of fog {unknown}
Potions
 a - a potion of magic
 e - 2 potions of lignification {unknown}
 h - 2 potions of might {unknown}
 j - a potion of haste {unknown}


   Skills:
 - Level 1.7 Dodging
 + Level 3.1 Stealth
 + Level 3.0 Spellcasting
 * Level 5.5 Conjurations


You had 7 spell levels left.
You knew the following spells:

 Your Spells              Type           Power      Damage    Failure   Level
a - Magic Dart            Conj           100%       1d8       1%          1
b - Searing Ray           Conj           50%        2d6       2%          2

Your spell library contained the following spells:

 Spells                   Type           Power      Damage    Failure   Level
 Gell's Gravitas          Tloc           3%         N/A       38%         3
 Teleport Other           Tloc           3%         N/A       38%         3
 Fulminant Prism          Conj/Alch      7%         3d7       41%         4
 Iskenderun's Mystic Bla  Conj/Tloc      14%        2d5       41%         4
 Summon Forest            Summ/Tloc      1%         N/A       98%         5
 Summon Mana Viper        Hex/Summ       3%         N/A       98%         5
 Dispersal                Tloc           1%         N/A       100%        6
 Summon Cactus Giant      Summ           1%         N/A       100%        6


Dungeon Overview and Level Annotations

Branches:
Dungeon (3/15)

Altars:

Annotations:
D:2 Sigmund


Innate Abilities, Weirdness & Mutations

Your plain brown scales are hard. (AC +5)
You cannot fit into any form of body armour.
You are cold-blooded and may be slowed by cold attacks.


Message History

You hit the orc priest.
The orc priest is heavily wounded.
The orc priest hits you with a +0 club.
Casting: Searing Ray (safe; 2% risk of failure)
Confirm with . or Enter, or press ? or * to list all spells.
Aiming: Magic Dart (safe; 1% risk of failure)
Press: ? - help, Shift-Dir - straight line, f/p - orc priest
Aim: an orc priest, wielding a +0 club and wearing a +0 leather armour (heavily wounded, 100% to hit)
The magic dart hits the orc priest.
The orc priest is almost dead.
The orc priest calls down the wrath of Beogh upon you.
Beogh smites you!
You closely miss the orc priest.
Your tail-slap misses the orc priest.
The orc priest is almost dead.
The orc priest mumbles some strange prayers to Beogh against you.
Pain shoots through your body!
Casting: Magic Dart (safe; 1% risk of failure)
Confirm with . or Enter, or press ? or * to list all spells.
Aiming: Magic Dart (safe; 1% risk of failure)
Press: ? - help, Shift-Dir - straight line, f/p - orc priest
Aim: an orc priest, wielding a +0 club and wearing a +0 leather armour (almost dead, 100% to hit)
The magic dart hits the orc priest but does no damage.
The orc priest is almost dead.
The orc priest hits you with a +0 club.
You hit the orc priest.
The orc priest is almost dead.
The orc priest casts a cantrip, but nothing happens.
You hit the orc priest.
You kill the orc priest!
The dart slug launches a dart at you. The slug dart hits you.
* * * LOW HITPOINT WARNING * * *
Your Spellcasting skill increases to level 3!
The dart slug launches a dart at you. The slug dart hits you.
* * * LOW HITPOINT WARNING * * *
The orc priest shouts!
The orc priest invokes the aid of Beogh against you.
Beogh smites you!
You die...

######### #.......# #.......#
##.......###################
........w).@..)...$.........
######.........##################
#....#.w.......# #.##.#.........#
#.##.#....o...## ..##.#.#####'##
####.#.# #.## o[...#'###.....
####.......###.#


You could see an orc priest and a dart slug.

Vanquished Creatures
  An orc priest (D:3)
  6 adders
  4 gnolls (D:3)
  2 dart slugs
  4 orcs (D:3)
  3 ball pythons
  4 endoplasms
  6 goblins
  5 hobgoblins
  2 kobolds
  2 quokkas (D:2)
  4 bats
  4 frilled lizards
  4 rats
51 creatures vanquished.

Notes
Turn   | Place    | Note
-------+----------+-------------------------------------------
     0 | D:1      | juan097 the Draconian Conjurer began the quest for the Orb.
     0 | D:1      | Reached XP level 1. HP: 14/14 MP: 3/3
   510 | D:1      | Found a faded altar of an unknown god.
   644 | D:1      | Reached XP level 2. HP: 20/20 MP: 0/5
  1135 | D:2      | Noticed Sigmund
  1500 | D:2      | Reached XP level 3. HP: 19/26 MP: 2/6
  2350 | D:2      | Learned a level 2 spell: Searing Ray
  2453 | D:2      | Reached XP level 4. HP: 33/33 MP: 0/7
  2763 | D:3      | Reached skill level 5 in Conjurations
  3119 | D:3      | Reached XP level 5. HP: 38/38 MP: 4/9
  3638 | D:3      | Killed from afar by an orc priest

Illustrated notes

Levels and vault maps discovered:
D:1:      psy_arrival_radial02, layout_basic, ebering_ecumenical_altar_webs
D:2:      layout_basic, uniq_sigmund
D:3:      layout_basic, small_statue_intersection, minmay_liquid_box,
          uniq_jessica

Skill      XL: |  1  2  3  4  5 |
---------------+----------------+-----
Stealth        | 2 3 |  3.1
Conjurations   | 5 |  5.5
Spellcasting   | 3 |  3.0
Dodging        | |  1.7

Action                     |  1- 3 |  4- 6 || total
---------------------------+-------+-------++-------
  Melee: Unarmed           |     7 |       ||     7
         Tailslap          |     3 |       ||     3
         Spear             |     1 |     5 ||     6
   Cast: Magic Dart        |    68 |    13 ||    81
         Searing Ray       |       |    13 ||    13
 Armour: Skin              |     7 |    17 ||    24
  Dodge: Dodged            |    12 |    11 ||    23
